 Dungeon Crawl Stone Soup version 0.19-b1-4-gd8a0a2a (webtiles) character file.

153 Remedin the Bolt Thrower (level 5, -2/42 HPs)
             Began as a Formicid Hunter on Oct 31, 2016.
             Slain by an ogre
             ... wielding a +0 giant club
              (17 damage)
             ... on level 4 of the Dungeon.
             The game lasted 00:21:29 (3220 turns).

Remedin the Bolt Thrower (Formicid Hunter)          Turns: 3220, Time: 00:21:30

Health: -2/42      AC:  7    Str: 17    XL:     5   Next: 61%
Magic:  5/5        EV: 11    Int: 10    God:
Gold:   78         SH:  0    Dex: 12    Spells: 0 memorised, 4 levels left

rFire  . . .     SeeInvis +     a - +2 hand crossbow
rCold  . . .     Gourm    .     i - +0 ring mail
rNeg   + . .     Faith    .     (no shield)
rPois  .         Spirit   .     (helmet unavailable)
rElec  .         Reflect  .     (no cloak)
rCorr  .         Harm     .     (no gloves)
MR     .....                    e - +1 pair of boots
Stlth  +.........               (no amulet)
                                (no ring)
                                l - ring of positive energy

@: no status effects
A: permanent stasis, dig shafts and tunnels, four strong arms, antennae 3
a: Dig, Shaft Self


You were on level 4 of the Dungeon.
You were very hungry.

You visited 1 branch of the dungeon, and saw 3 of its levels.

You collected 78 gold pieces.

Inventory:

Hand Weapons
 a - a +2 hand crossbow (weapon)
 b - a +0 short sword
 j - a +0 whip
 q - a +2 whip of electrocution
 s - a +0 hunting sling
Missiles
 d - 30 bolts (quivered)
 n - 12 sling bullets
 t - 81 stones
 w - 3 javelins
Armour
 e - a +1 pair of boots (worn)
 i - a +0 ring mail (worn)
Jewellery
 l - a ring of positive energy (left hand)
Wands
 x - a wand of lightning (7/15)
Scrolls
 h - 2 scrolls of amnesia {unknown}
 u - a scroll of magic mapping {unknown}
 y - a scroll of enchant armour {unknown}
 z - 2 scrolls of identify
Potions
 c - 2 potions of mutation
 g - a potion of flight {unknown}
 m - a potion of heal wounds {unknown}
 o - a potion of brilliance
 r - a potion of cure mutation {unknown}
 v - 2 potions of curing {unknown}
 A - a potion of cancellation {unknown}
Comestibles
 f - 3 bread rations
 k - 2 beef jerkies
 p - 3 fruits


   Skills:
 * Level 3.8 Fighting
 + Level 1.5 Maces & Flails
 * Level 5.1 Crossbows
 + Level 1.6 Armour
 - Level 1.7 Dodging
 - Level 1.2 Stealth


You had 4 spell levels left.
You didn't know any spells.

Dungeon Overview and Level Annotations

Branches:
Dungeon (2/15)

Altars:
Uskayaw


Innate Abilities, Weirdness & Mutations

You are under a permanent stasis effect.
You can dig through walls and to a lower floor.
Your four strong arms can wield two-handed weapons with a shield.
You have a pair of large antennae on your head. (SInv)


Message History

The ogre hits you with a giant club.
Firing (i - inventory. (,) - cycle):
d - 33 bolts (quivered)
Press: ? - help, Shift-Dir - straight line, f - ogre
Aim: an ogre, wielding a giant club You shoot a bolt.
The bolt hits the ogre.
The ogre is moderately wounded.
The ogre barely misses you.
Firing (i - inventory. (,) - cycle):
d - 32 bolts (quivered)
Press: ? - help, Shift-Dir - straight line, f/p - ogre
Aim: an ogre, wielding a giant club (moderately wounded)
You shoot a bolt. The bolt hits the ogre!
The ogre is heavily wounded.
The ogre hits you with a giant club!!
Firing (i - inventory. (,) - cycle):
d - 31 bolts (quivered)
Press: ? - help, Shift-Dir - straight line, f/p - ogre
Aim: an ogre, wielding a giant club (heavily wounded)
You shoot a bolt. The bolt hits the ogre!
The ogre is almost dead.
The ogre hits you with a giant club!
You die...

.....# ###...#######....#
.................## {
..................#
..................#
.................[#
..............(...#
...............O..###.##
........<.......@.......
..................##############
...>..............##...........#
..................##.#########.#
..................##.#...# #.#
..................##.#.#.# #.#
..................##.#.#.#####.#
..................##.#.#.......#
..................##.#.######..##


You could see an ogre.

Vanquished Creatures
  A centaur skeleton (D:4)
  2 orc wizards (D:4)
  An adder (D:2)
  3 oozes
  A worm (D:2)
  2 dart slugs
  7 orcs (D:4)
  2 giant cockroaches
  3 goblins
  2 hobgoblins (D:1)
  A kobold (D:1)
  6 bats
  2 frilled lizards (D:1)
  7 rats
40 creatures vanquished.

Notes
Turn   | Place    | Note
-------+----------+-------------------------------------------
     0 | D:1      | Remedin the Formicid Hunter began the quest for the Orb.
     0 | D:1      | Reached XP level 1. HP: 16/16 MP: 1/1
   684 | D:1      | Reached XP level 2. HP: 23/23 MP: 2/2
   903 | D:1      | Reached XP level 3. HP: 28/28 MP: 3/3
  1406 | D:2      | Found a faded altar of an unknown god.
  1791 | D:2      | Found a hide-covered altar of Uskayaw.
  1934 | D:2      | Reached XP level 4. HP: 35/35 MP: 4/4
  2062 | D:2      | Reached skill level 1 in Armour
  2120 | D:2      | You fall through a shaft for 2 floors!
  2186 | D:4      | Reached skill level 1 in Maces & Flails
  2496 | D:4      | Reached XP level 5. HP: 24/41 MP: 5/5
  2503 | D:4      | Reached skill level 5 in Crossbows
  3211 | D:4      | Noticed an ogre
  3220 | D:4      | Slain by an ogre

Skill      XL: |  1  2  3  4  5 |
---------------+----------------+-----
Fighting       | 3 |  3.8
Armour         | 1 |  1.6
Maces & Flails | 1 |  1.5
Crossbows      | 5 |  5.1
Dodging        | |  1.7
Stealth        | |  1.2

Action                   |  1- 3 |  4- 6 || total
-------------------------+-------+-------++-------
Melee: Whip              |     3 |       ||     3
 Fire: Hand crossbow     |    59 |    41 ||   100
 Abil: Shaft Self        |       |     1 ||     1
  Use: Scroll            |     7 |       ||     7
  Eat: Meat ration       |     1 |       ||     1
       Chunk             |     1 |       ||     1
Armor: Ring mail         |    22 |    10 ||    32
Dodge: Dodged            |    22 |    20 ||    42
